 Dungeon Crawl Stone Soup version 0.31-a0-188-g5e087ee2ca (webtiles) character file.

Game seed: 16285017729095946489

9 qw the Shooter (level 2, 0/16 HPs)
             Began as a Deep Elf Hunter on June 23, 2023.
             Succumbed to an adder's poison
             ... on level 2 of the Dungeon.
             The game lasted 00:00:11 (836 turns).

qw the Shooter (Deep Elf Hunter)                     Turns: 836, Time: 00:00:12

Health: 0/16       AC:  3    Str:  8    XL:     2   Next: 6%
Magic:  4/4        EV: 12    Int: 13    God:
Gold:   87         SH:  0    Dex: 18    Spells: 1/1 levels left

rFire   . . .        Y - +0 shortbow
rCold   . . .        (shield currently unavailable)
rNeg    . . .        c - +0 leather armour
rPois   .            (no helmet)
rElec   .            (no cloak)
rCorr   .            (no gloves)
SInv    .            (no boots)
Will    .....        e - amulet of the acrobat
Stlth   ++           (no ring)
HPRegen 0.22/turn    (no ring)
MPRegen 0.09/turn

%: acrobat
@: lethally poisoned (0 -> -14)
A: no striking features
a: no special abilities


You were on level 2 of the Dungeon.
You visited 1 branch of the dungeon, and saw 2 of its levels.

You collected 87 gold pieces.


   Skills:
 - Level 1.5 Fighting
 + Level 6.0 Ranged Weapons
 - Level 2.4 Dodging
 - Level 1.2 Stealth


You had one spell level left.
You didn't know any spells.
Your spell library was empty.

Inventory:

Hand Weapons
 Y - a +0 shortbow (weapon)
Armour
 c - a +0 leather armour (worn)
Jewellery
 e - an amulet of the acrobat (around neck)
Potions
 a - a potion of lignification {unknown}
 b - a potion of resistance {unknown}
 f - a potion of heal wounds {unknown}
 h - a potion of curing {unknown}
 i - a potion of attraction {unknown}

Dungeon Overview and Level Annotations

Branches:
Dungeon (2/15)

Altars:


Message History

The endoplasm quivers.
Enter note:
Enter note:
Enter note: You shoot an arrow.
The arrow hits the endoplasm.
The endoplasm is heavily wounded.
You shoot an arrow. The arrow hits the endoplasm.
You kill the endoplasm!
Your Ranged Weapons skill increases to level 6!
An adder comes into view.
Found a scroll labelled MIRRUV XAMONUU.
Enter note:
Enter note:
Enter note:
Enter note:
Enter note:
Enter note: You shoot an arrow.
The arrow hits the adder.
The adder is heavily wounded.
You hear an angry hiss.
The adder completely misses you.
An adder comes into view.
You shoot an arrow. The arrow barely misses the adder.
The adder bites you.
You shoot an arrow. The arrow closely misses the adder.
The adder bites you. x2
You are poisoned.
The adder poisons you!
You shoot an arrow. The arrow hits the adder.
The adder is almost dead.
You feel sick. The adder bites you but does no damage.
The adder closely misses you.
You shoot an arrow. The arrow closely misses the adder.
You feel sick. The adder closely misses you. The adder bites you.
You are lethally poisoned!
The adder poisons you! The adder bites you.
You are more poisoned.
The adder poisons you!
You shoot an arrow. The arrow barely misses the adder.
You die...

... .# ##.## .# # ## #.
..## ...#. .#.. ..## #.#.#
.#. #.## ####....# .. ..
#.## #....#.#?#.#
.(..###.## #.##.#..#S.#.#
#..%.... #.##.##.S@##.###
######.##
#.##..##.##....#..........
#.##...........#.######..#
#.##...........# ##.#
#..............# #.#
####............ #.#
#...........# #.#
#...#####+### ###+###.#
#...# .# #..<....#


You could see 2 adders.

Vanquished Creatures
  A ball python (D:2)
  An endoplasm (D:2)
  2 goblins
  A bat (D:1)
  2 kobolds (D:2)
  3 rats
10 creatures vanquished.

Notes
Turn   | Place    | Note
-------+----------+-------------------------------------------
     0 | D:1      | qw the Deep Elf Hunter began the quest for the Orb.
     0 | D:1      | Reached XP level 1. HP: 12/12 MP: 3/3
     0 | D:1      | 0 ||| qw: Version: 0.3-a-9-g12657ce
     0 | D:1      | 0 ||| qw: Game counter: 4360
     0 | D:1      | 0 ||| qw: Always use a shield: true
     0 | D:1      | 0 ||| qw: God list: Okawaru
     0 | D:1      | 0 ||| qw: Allow faded altars: false
     0 | D:1      | 0 ||| qw: Do Orc after D:15 true
     0 | D:1      | 0 ||| qw: Do second Lair branch before Depths: true
     0 | D:1      | 0 ||| qw: Lair rune preference: random
     0 | D:1      | 0 ||| qw: Plans: Normal
     0 | D:1      | 0 ||| PLANNING D:1-11
   620 | D:1      | 620 ||| UPGRADING to amulet of the acrobat.
   625 | D:1      | 625 ||| READING 2 scrolls labelled ALOISIYMEG.
   626 | D:1      | 626 ||| READING scroll labelled ZYTUMEF VOITZ.
   627 | D:1      | 627 ||| DROPPING scroll of amnesia.
   628 | D:1      | 628 ||| DROPPING scroll of butterflies.
   724 | D:2      | 724 ||| Stepping ~*~*~tactically~*~*~ (outnumbered).
   726 | D:2      | 726 ||| Stepping ~*~*~tactically~*~*~ (outnumbered).
   728 | D:2      | 728 ||| Stepping ~*~*~tactically~*~*~ (outnumbered).
   730 | D:2      | 730 ||| Stepping ~*~*~tactically~*~*~ (outnumbered).
   732 | D:2      | 732 ||| Stepping ~*~*~tactically~*~*~ (outnumbered).
   750 | D:2      | Reached XP level 2. HP: 14/16 MP: 4/4
   810 | D:2      | Reached skill level 6 in Ranged Weapons
   835 | D:2      | HP: 3/16 [adder (2)]
   836 | D:2      | Succumbed to an adder's poison

Levels and vault maps discovered:
D:1:      eino_arrival_water_cross, layout_basic, chequers_serial_rivers_small_a
D:2:      layout_basic, minmay_box_of_dots

Skill      XL: |  1  2 |
---------------+-------+-----
Ranged Weapons | 6 |  6.0
Fighting       | |  1.5
Dodging        | |  2.4
Stealth        | |  1.2

Action                     || total
---------------------------++-------
   Fire: Shortbow          ||    28
    Use: Scroll            ||     2
 Armour: Leather armour    ||     4
  Dodge: Dodged            ||    12

Table legend:
 A = Non-vault XP
 B = Vault XP
 C = Vault XP percentage of total XP
 D = Non-vault monster count
 E = Vault monster count
 F = Vault count percentage of total count
                 A         B        C        D         E       F
            +---------+---------+-------+---------+---------+-------
      Total |      14 |       0 |   0.0 |      10 |       0 |   0.0
            +---------+---------+-------+---------+---------+-------
        D:1 |       5 |       0 |   0.0 |       4 |       0 |   0.0
        D:2 |       9 |       0 |   0.0 |       6 |       0 |   0.0
            +---------+---------+-------+---------+---------+-------
